 Dungeon Crawl Stone Soup version 0.30-a0-1085-g990a428a5c (webtiles) character file.

Game seed: 17268361304441973108

384 Papiron the Shield-Bearer (level 6, -1/56 HPs)
             Began as a Minotaur Fighter on Apr 16, 2023.
             Was an Initiate of Okawaru.
             Slain by a gnoll
             ... wielding a +2 whip of electrocution
             ... led by a gnoll bouda
              (18 damage)
             ... on level 4 of the Dungeon.
             The game lasted 00:05:59 (2320 turns).

Papiron the Shield-Bearer (Minotaur Fighter)        Turns: 2320, Time: 00:05:59

Health: -1/56      AC: 10    Str: 23    XL:     6   Next: 47%
Magic:  5/5        EV: 10    Int:  5    God:    Okawaru [......]
Gold:   115        SH:  4    Dex:  9    Spells: 5/5 levels left

rFire   . . .      SeeInvis .    a - +1 war axe
rCold   . . .      Faith    .    c - +0 buckler
rNeg    . . .      Spirit   .    b - +0 scale mail
rPois   .          Reflect  .    (helmet restricted)
rElec   .          Rampage  .    n - +1 cloak
rCorr   .                        (no gloves)
Will    .....                    m - +0 pair of boots Stlth
                                 h - amulet of regeneration
HPRegen 1.09/turn                (no ring)
MPRegen 0.09/turn                (no ring)

@: invisible
A: horns 2, retaliatory headbutt
a: Renounce Religion


You were on level 4 of the Dungeon.
You worshipped Okawaru.
Okawaru was noncommittal.
You visited 1 branch of the dungeon, and saw 4 of its levels.

You collected 244 gold pieces.
You spent 129 gold pieces at shops.

Inventory:

Hand Weapons
 a - a +1 war axe (weapon)
Armour
 b - a +0 scale mail (worn)
 c - a +0 buckler (worn)
 m - a +0 pair of boots (worn)
 n - a +1 cloak (worn)
Jewellery
 h - an amulet of regeneration (around neck)
Wands
 f - a wand of flame (37)
 j - a wand of quicksilver (7)
Scrolls
 g - 2 scrolls of teleportation
 k - 2 scrolls of fear
 l - 2 scrolls of identify
 o - a scroll of magic mapping
Potions
 d - 2 potions of might
 e - 4 potions of heal wounds
 i - a potion of ambrosia
 q - a potion of curing {unknown}


   Skills:
 + Level 5.0 Fighting
 + Level 4.3 Axes
 + Level 5.1 Armour
 + Level 2.9 Dodging
 + Level 5.1 Shields


You had 5 spell levels left.
You didn't know any spells.
Your spell library contained the following spells:

 Spells                   Type           Power      Damage    Failure   Level
 Freeze                   Ice            0%         1d3       86%         1
 Cigotuvi's Dreadful Rot  Necr/Pois/Air  0%         N/A       94%         2
 Frozen Ramparts          Ice            0%         1d1       99%         3
 Hailstorm                Conj/Ice       0%         3d3       99%         3
 Inner Flame              Hex/Fire       0%         N/A       99%         3
 Dispel Undead            Necr           0%         3d6       100%        4
 Yara's Violent Unravell  Hex/Tmut       0%         3d3       100%        5
 Enfeeble                 Hex            0%         N/A       100%        7
 Death Channel            Necr           Unusable   N/A       N/A         6

Dungeon Overview and Level Annotations

Branches:
Dungeon (4/15)
 Temple: D:4-7

Altars:
Gozag
Nemelex Xobeh
Okawaru
Trog
Yredelemnul

Shops:
D:4 *


Innate Abilities, Weirdness & Mutations

You have a pair of horns on your head.
You reflexively headbutt those who attack you in melee.


Message History

The adder attacks as you move away! The adder bites you.
Unknown command.
Unknown command.
Unknown command.
The adder attacks as you move away! The adder bites you but does no damage.
The adder barely misses you. The adder attacks as you move away!
The adder bites you but does no damage. x2
The adder attacks as you move away! The adder barely misses you.
The adder bites you. The adder completely misses you.
You hit the adder.
The adder is moderately wounded.
The adder bites you but does no damage.
The gnoll hits you from afar with a +1 heavy halberd!!
You block the adder's attack.
You miss the adder.
The adder is moderately wounded.
The adder barely misses you. You furiously retaliate!
You headbutt the adder!
You kill the adder!
Okawaru accepts your kill. The gnoll hits you but does no damage.
The gnoll closely misses you.
The gnoll hits you from afar with a +0 spear.
You see here an adder corpse.
You slash the gnoll!
The gnoll is severely wounded.
You hit the gnoll. The gnoll closely misses you.
The gnoll hits you with a +1 heavy halberd!
The gnoll misses you. The gnoll hits you but does no damage.
The gnoll hits you with a +2 whip of electrocution.
You are electrocuted!
* * * LOW HITPOINT WARNING * * *
You feel much better.
The gnoll hits you with a +1 heavy halberd!
The gnoll barely misses you. You furiously retaliate!
You headbutt the gnoll. The gnoll closely misses you.
You fade into invisibility!
The gnoll hits you with a +2 whip of electrocution.
You are electrocuted!!
You die...

#...#......# #.#.#..<...#########
#####....###.#.#.......# ###
##............#.#.....(.# #..
##.............#.#.......# #..
#................#...>.>.# ###..
#........................####.#8#
#(.............)#..........##.# #
#..............g@........#.##.# #
#.............gg#........#.##.# #
##.............###.......#.##.#
##...........## #.###...#.##.###
#.#####.....####.#####.#.......
#.# #.......[................ #g#
#..#######.#####......... #g#
#..### #.# ###........ #.# #....#
#.####..........


You could see 3 gnolls.

Vanquished Creatures
  Menkaure (D:4)
  An ogre (D:4)
  Ijyb (D:3)
  A gnoll (D:4)
  5 adders
  A worm (D:3)
  2 dart slugs
  3 orcs (D:4)
  8 ball pythons
  6 bats
  16 endoplasms
  3 giant cockroaches
  8 goblins
  10 hobgoblins
  5 quokkas
  2 frilled lizards
  3 kobolds
  2 rats
  A spectral orc (D:3)
79 creatures vanquished.

Vanquished Creatures (others)
  Robin (D:3)
  A fungus (D:3)
2 creatures vanquished.

Grand Total: 81 creatures vanquished

Notes
Turn   | Place    | Note
-------+----------+-------------------------------------------
     0 | D:1      | Papiron the Minotaur Fighter began the quest for the Orb.
     0 | D:1      | Reached XP level 1. HP: 19/19 MP: 0/0
   385 | D:1      | Reached XP level 2. HP: 27/27 MP: 1/1
   724 | D:2      | Reached skill level 1 in Dodging
   758 | D:2      | Reached XP level 3. HP: 26/33 MP: 2/2
   790 | D:2      | Found an iron altar of Okawaru.
   803 | D:2      | Became a worshipper of Warmaster Okawaru
  1332 | D:2      | Found a faded altar of an unknown god.
  1376 | D:3      | Reached XP level 4. HP: 37/40 MP: 3/3
  1506 | D:3      | Found an opulent altar of Gozag.
  1548 | D:3      | Noticed Ijyb
  1548 | D:3      | Noticed Robin
  1554 | D:3      | Killed Robin
  1557 | D:3      | Killed Ijyb
  1621 | D:3      | Found a basalt altar of Yredelemnul.
  1818 | D:3      | Reached XP level 5. HP: 46/46 MP: 4/4
  1933 | D:4      | Found a sparkling altar of Nemelex Xobeh.
  1960 | D:4      | Noticed an ogre
  1967 | D:4      | Killed an ogre
  2029 | D:4      | Found Fiel Jom's Assorted Antiques.
  2036 | D:4      | Bought a potion of heal wounds for 110 gold pieces
  2036 | D:4      | Bought a fuming orange potion for 19 gold pieces
  2039 | D:4      | Noticed Menkaure
  2047 | D:4      | Killed Menkaure
  2048 | D:4      | Reached skill level 5 in Fighting
  2048 | D:4      | Reached skill level 5 in Armour
  2048 | D:4      | Reached skill level 5 in Shields
  2048 | D:4      | Reached XP level 6. HP: 33/56 MP: 5/5
  2228 | D:4      | Found a bloodstained altar of Trog.
  2320 | D:4      | Slain by a gnoll

Illustrated notes

Levels and vault maps discovered:
D:1:      tarquinn_simple_flora_water_f, layout_basic, minmay_box_of_dots
D:2:      layout_loops_ring, chequers_ecumenical_altar_grove, basic_altar
D:3:      layout_rooms, mainiacjoe_overflow_boulevard,
          yredelemnul_forgotten_temple_becter, nicolae_goblin_pals
D:4:      layout_rooms, mainiacjoe_overflow_alcove_2, lemuel_crystal_altar,
          serial_shops, shop, grunt_ministairs_12, kennysheep_potato,
          uniq_menkaure

Skill      XL: |  1  2  3  4  5 |
---------------+----------------+-----
Dodging        | 1 2 |  2.9
Fighting       | 4 5 |  5.0
Armour         | 4 5 |  5.1
Shields        | 4 5 |  5.1
Axes           | 3 4 |  4.3

Action                     |  1- 3 |  4- 6 || total
---------------------------+-------+-------++-------
  Melee: War axe           |    78 |    70 ||   148
         Headbutt          |     6 |     7 ||    13
    Use: Scroll            |     9 |     6 ||    15
         Potion            |       |     4 ||     4
 Armour: Scale mail        |    36 |    43 ||    79
  Dodge: Dodged            |    45 |    52 ||    97
  Block: Buckler           |    13 |    17 ||    30

Table legend: (Time is in decaauts)
 A = Elapsed time spent in this place.
 B = Non-inter-level travel time spent in this place.
 C = Inter-level travel time spent in this place.
 D = Time resting spent in this place.
 E = Time spent auto-exploring this place.
 F = Levels seen in this place.
 G = Mean time per level.
                   A        B        C        D        E       F      G
               +--------+--------+--------+--------+--------+-----+--------+
         Total |   2377 |   2317 |     60 |      0 |   1778 |   4 |  594.2 |
       Dungeon |   2377 |   2317 |     60 |      0 |   1778 |   4 |  594.2 |
               +--------+--------+--------+--------+--------+-----+--------+

Top non-repeatable levels by time:
     D:1: 711 daAuts
     D:2: 689 daAuts
     D:3: 515 daAuts
     D:4: 460 daAuts
